Description

Game 2 vs True at IEM Katowice.

Innovation goes for a 4x hellion drop into a marine/tank push

Replay - INnoVation v TRUE: Game 2 - 이스트와치 - 래더

Build Order

Get SALT Encoding   

  12  0:00  SCV  
  13  0:12  SCV  
  14  0:16  Supply Depot  
  14  0:24  SCV  
  15  0:38  SCV  
  15  0:39  Barracks  
  16  0:43  Refinery  
  16  0:50  SCV  
  17  1:02  SCV  
  18  1:14  SCV  
  19  1:26  Orbital Command  
  19  1:27  Reaper  
  20  1:39  Command Center  
  20  1:50  Supply Depot  
  20  1:52  SCV  
  21  1:59  Marine  
  22  2:04  SCV  
  22  2:07  Factory  
  23  2:14  Refinery  
  23  2:16  SCV  
  23  2:21  Barracks Reactor  
  26  2:51  Starport, Orbital Command  
  27  3:01  Hellion x2  
  27  3:05  Barracks Tech Lab  
  34  3:22  Hellion x2  
  34  3:24  Supply Depot  
  38  3:27  Medivac  
  42  3:37  Supply Depot  
  43  3:43  Stimpack  
  43  3:47  Marine  
  47  3:58  Factory Tech Lab  
  47  4:04  Command Center  
  47  4:08  Marine  
  50  4:13  Starport Reactor  
  50  4:14  Supply Depot  
  50  4:19  Barracks  
  52  4:27  Marine  
  52  4:28  Barracks  
  55  4:39  Engineering Bay x2  
  55  4:44  Refinery x2  
  57  4:48  Marine  
  58  4:53  Siege Tank  
  63  5:06  Marine  
  64  5:07  Starport Reactor  
  64  5:14  Marine x2  
  56  5:16  Terran Infantry Weapons Level 1  
  56  5:17  Terran Infantry Armor Level 1  
  56  5:19  Orbital Command  
  58  5:25  Siege Tank  
  58  5:26  Marine x2  
  70  5:44  Combat Shields  
  70  5:45  Medivac x2  
  70  5:47  Orbital Command  
  84  6:10  Barracks x2  
  93  6:27  Siege Tank  
  99  6:41  Armory  
  99  6:44  Medivac  
  101  6:51  Medivac  
  106  6:57  Barracks Reactor x2  
  109  7:12  Refinery x2  
  109  7:13  Siege Tank  
  112  7:28  Medivac x2  
  122  7:36  Terran Infantry Weapons Level 2, Terran Infantry Armor Level 2  
  125  8:01  Factory  
  125  8:09  Marauder, Siege Tank  
  110  8:49  Marauder  
  117  9:05  Factory Tech Lab  
  117  9:09  Siege Tank  
  120  9:10  Marauder  
  120  9:11  Medivac x2  
  134  9:30  Liberator x2  
  134  9:31  Command Center, Marauder  
  134  9:34  Terran Vehicle And Ship Armor Level 1  
  139  9:46  Siege Tank x2  
Spawning Tool Build Advisor. Get it on Overwolf

Go to:

Details

  • Created by: Mithriel
  • Published on: Mar 18, 2018
  • Modified on: Mar 26, 2018
  • Patch: 4.0.0
Show
View Real Time Build Order
Export as new Build Order

Comments (0)

There are no comments. Be the first!

Create an account to comment!